 Dungeon Crawl Stone Soup version 0.21.1-1-g345015f (webtiles) character file.

313 shodders the Digger (level 6, -1/75 HPs)
             Began as a Deep Dwarf Earth Elementalist on July 26, 2018.
             Was an Initiate of Nemelex Xobeh.
             Killed from afar by Sigmund (2 damage)
             ... with a magic dart
             ... on level 4 of the Dungeon on July 27, 2018.
             The game lasted 00:46:00 (2880 turns).

shodders the Digger (Deep Dwarf Earth Elementalist) Turns: 2880, Time: 00:46:01

Health: -1/75      AC:  6    Str: 17    XL:     6   Next: 19%
Magic:  17/18      EV: 13    Int: 17    God:    Nemelex Xobeh [......]
Gold:   44         SH:  0    Dex: 13    Spells: 8/11 levels left

rFire    . . .     SeeInvis .   g - +3 mace (holy)
rCold    . . .     Gourm    +   (no shield)
rNeg     . . .     Faith    .   c - +0 robe
rPois    .         Spirit   .   (no helmet)
rElec    .         Reflect  .   (no cloak)
rCorr    .         Harm     .   q - +2 pair of gloves
MR       .....                  (no boots)
Stlth    ..........             a - amulet of the gourmand
HPRegen  0.00/turn              s - ring of magical power
MPRegen  0.16/turn              (no ring)

@: berserking, flying, non-regenerating, very quick
A: damage resistance, heal wounds, rugged brown scales 1, sense surroundings 1,
MP-powered wands, no regeneration
a: Heal Wounds, Renounce Religion


You were on level 4 of the Dungeon.
You worshipped Nemelex Xobeh.
Nemelex Xobeh was noncommittal.
You were very full.

You visited 1 branch of the dungeon, and saw 4 of its levels.

You collected 94 gold pieces.
You spent 50 gold pieces at shops.

Inventory:

Hand Weapons
 g - a +3 mace of holy wrath (weapon)
 j - a +0 club
 l - a +0 dagger
 o - a +2 mace
Missiles
 b - 12 stones (quivered)
 i - 4 bolts
Armour
 c - a +0 robe (worn)
 h - a +0 leather armour
 n - a +0 ring mail
 q - a +2 pair of gloves (worn)
 w - a +0 scale mail
Jewellery
 a - an amulet of the gourmand (around neck)
 s - a ring of magical power (left hand)
Wands
 u - a wand of digging (9)
Scrolls
 k - 3 scrolls of remove curse
 r - a scroll of enchant armour
Potions
 t - a potion of brilliance {unknown}
 v - a potion of heal wounds {unknown}
 z - a potion of flight
Books
 e - a book of Geomancy

   Spells                             Type                      Level
   a - Sandblast                      Earth                        1
   b - Passwall                       Transmutation/Earth          2
   c - Stone Arrow                    Conjuration/Earth            3
   d - Petrify                        Transmutation/Earth          4
   e - Lee's Rapid Deconstruction     Earth                        5
 y - a book of Changes

   Spells                             Type                      Level
   a - Beastly Appendage              Transmutation                1
   b - Sticks to Snakes               Transmutation                2
   c - Spider Form                    Transmutation/Poison         3
   d - Ice Form                       Ice/Transmutation            4
   e - Blade Hands                    Transmutation                5
Comestibles
 d - 6 rations


   Skills:
 + Level 0.9 Maces & Flails
 + Level 3.2 Dodging
 + Level 2.7 Stealth
 + Level 3.2 Spellcasting
 + Level 0.8 Transmutations
 * Level 7.1 Earth Magic


You had 8 spell levels left.
You knew the following spells:

 Your Spells              Type           Power        Failure   Level  Hunger
a - Sandblast             Erth           ####..       1%          1    None
b - Passwall              Tmut/Erth      ###.......   4%          2    ##.....


Dungeon Overview and Level Annotations

Branches:
Dungeon (4/15)             Temple (0/1) D:4

Altars:
Nemelex Xobeh

Shops:
D:4 %

Annotations:
D:4 Sigmund


Innate Abilities, Weirdness & Mutations

You are resistant to damage.
You can heal yourself by infusing magical energy.
You passively map a small area around you.
You do not regenerate.
You are partially covered in rugged brown scales. (AC +1, +3% HP)
You expend magic power (3 MP) to strengthen your wands.


Message History

You bump into the rock wall.
You bump into the rock wall.
Sigmund barely misses you.
You bump into the rock wall.
Sigmund casts a spell at you. The puff of flame hits you!
You feel less confused.
It was a potion of flight.
You feel very buoyant.
You fly up into the air.
Sigmund hits you but does no damage.
It was a potion of berserk rage.
A red film seems to cover your vision as you go berserk!
You feel yourself moving faster!
You feel mighty!
You are too berserk!
You are too berserk!
You feel a strong urge to attack something.
Sigmund says, "Look into my eyes."
Sigmund casts a spell at you. The magic dart hits you!
You die...
Your body disappears without a glow.

#..............#
#..............#
###..............#
.........>.......#
.................#
.####...#.########
.##.......#
.##.##.##.#########
.##.##.##.#.....@.#
.##.##.##.#.#####@#
.##.##.##.#.....#.#
.##.#........#....#
....#####.##.#..###
...<............#
...#.###.....#.##
.#.#<.##.....#.#
......##.....#.#


You could see Sigmund.

Vanquished Creatures
  A phantom (D:4)
  A quasit (D:3)
  3 worker ants (D:4)
  5 adders
  An adder skeleton (D:4)
  2 dart slugs (D:1)
  A leopard gecko (D:2)
  4 orcs
  6 bats
  3 giant cockroaches (D:4)
  8 hobgoblins
  10 jackals
  2 quokkas
  3 ball pythons
  3 frilled lizards
  8 goblins
  6 kobolds
  8 rats
75 creatures vanquished.

Notes
Turn   | Place    | Note
-------+----------+-------------------------------------------
     0 | D:1      | shodders the Deep Dwarf Earth Elementalist began the quest for the Orb.
     0 | D:1      | Reached XP level 1. HP: 15/15 MP: 3/3
   145 | D:1      | Reached XP level 2. HP: 20/22 MP: 0/4
   261 | D:1      | Learned a level 2 spell: Passwall
   959 | D:1      | Reached XP level 3. HP: 28/28 MP: 4/6
  1211 | D:2      | Reached skill level 5 in Earth Magic
  1747 | D:3      | Reached XP level 4. HP: 33/36 MP: 7/7
  1764 | D:3      | Found a sparkling altar of Nemelex Xobeh.
  1772 | D:3      | Became a worshipper of Nemelex Xobeh the Trickster
  1847 | D:3      | Received a gift from Nemelex Xobeh
  2273 | D:3      | Reached skill level 6 in Earth Magic
  2396 | D:4      | Reached XP level 5. HP: 38/42 MP: 9/9
  2509 | D:4      | Found a staircase to the Ecumenical Temple.
  2526 | D:4      | Noticed Sigmund
  2643 | D:4      | Found Heukomye's Food Emporium.
  2646 | D:4      | Bought a ration for 50 gold pieces
  2719 | D:4      | Noticed a phantom
  2808 | D:4      | Killed a phantom
  2808 | D:4      | Reached XP level 6. HP: 36/49 MP: 9/9
  2819 | D:4      | Reached skill level 7 in Earth Magic
  2839 | D:4      | Gained mutation: You expend magic power (3 MP) to strengthen your wands. [potion of mutation]
  2839 | D:4      | Gained mutation: You are partially covered in rugged brown scales. (AC +1, +3% HP) [potion of mutation]
  2870 | D:4      | HP: 1/50 [Sigmund/magic dart (2)]
  2880 | D:4      | Killed from afar by Sigmund

Skill      XL: |  1  2  3  4  5  6 |
---------------+-------------------+-----
Spellcasting   | 2 3 |  3.2
Earth Magic    | 5 6 7 |  7.1
Dodging        | 3 |  3.2
Maces & Flails | |  0.9
Stealth        | |  2.7
Transmutations | |  0.8

Action                   |  1- 3 |  4- 6 || total
-------------------------+-------+-------++-------
Melee: Dagger            |     4 |       ||     4
       Mace              |    21 |     9 ||    30
 Cast: Sandblast         |    44 |    56 ||   100
       Passwall          |     6 |       ||     6
 Abil: Heal Wounds       |     1 |     2 ||     3
Evoke: Deck              |       |     4 ||     4
  Use: Scroll            |     9 |     1 ||    10
       Potion            |       |     4 ||     4
 Stab: Sleeping          |     1 |       ||     1
  Eat: Chunk             |    16 |     3 ||    19
Armor: Robe              |    26 |    13 ||    39
       Skin              |       |    10 ||    10
Dodge: Dodged            |    56 |    28 ||    84
